 Dungeon Crawl Stone Soup version 0.29.0-11-gd7f09526c8 (webtiles) character file.

Game seed: 15736774395554004662

585 sanka the Martial Artist (level 7, 57/57 HPs)
             Began as a Yellow Draconian Monk on Sept 4, 2022.
             Quit the game on level 6 of the Dungeon.
             The game lasted 00:07:59 (5501 turns).

sanka the Martial Artist (Yellow Draconian Monk)    Turns: 5501, Time: 00:08:00

Health: 57/57      AC:  8    Str: 13    XL:     7   Next: 14%
Magic:  7/7        EV: 12    Int: 13    God:
Gold:   292        SH:  0    Dex: 13    Spells: 6/6 levels left

rFire   . . .      SeeInvis .     - Unarmed
rCold   . . .      Faith    .   (no shield)
rNeg    . . .      Spirit   .   (body armour unavailable)
rPois   .          Reflect  .   (helmet restricted)
rElec   .          Harm     .   b - +0 cloak
rCorr   +          Rampage  .   i - +0 pair of gloves
Will    +....                   (no boots)
Stlth   ++........              (no amulet)
HPRegen 0.19/turn               (no ring)
MPRegen 0.10/turn               m - ring of willpower

@: no status effects
A: spit acid, AC +6, unfitting armour, cold-blooded, acid resistance
a: Breathe Acid


You were on level 6 of the Dungeon.
You visited 1 branch of the dungeon, and saw 6 of its levels.

You collected 292 gold pieces.


Innate Abilities, Weirdness & Mutations

You can spit globs of acid.
Your golden yellow scales are hard. (AC +6)
You cannot fit into any form of body armour.
You are cold-blooded and may be slowed by cold attacks.
You are resistant to acid. (rCorr)


   Skills:
 - Level 3.2 Fighting
 - Level 2.6 Dodging
 - Level 1.7 Stealth
 + Level 8.3 Unarmed Combat


You had 6 spell levels left.
You didn't know any spells.
Your spell library contained the following spells:

 Spells                   Type           Power      Damage    Failure   Level
 Blink                    Tloc           0%         N/A       43%         2
 Manifold Assault         Tloc           0%         N/A       100%        5
 Storm Form               Tmut/Air       0%         N/A       100%        7

Inventory:

Armour
 b - a +0 cloak (worn)
 i - a +0 pair of gloves (worn)
Magical Staves
 q - a staff of conjuration {!a}
Jewellery
 m - a ring of willpower (right hand)
Scrolls
 c - 2 scrolls of blinking {unknown}
 d - 2 scrolls of fear {unknown}
 f - 2 scrolls of acquirement {unknown}
 g - a scroll of noise {unknown}
 h - 2 scrolls of enchant weapon {unknown}
 k - 2 scrolls of magic mapping {unknown}
 n - 2 scrolls of teleportation {unknown}
 o - 2 scrolls of butterflies {unknown}
 p - 3 scrolls of identify {unknown}
 r - a scroll of poison {unknown}
 x - a scroll of enchant armour {unknown}
Potions
 a - 3 potions of ambrosia
 e - 4 potions of curing {unknown}
 l - a potion of lignification {unknown}
 s - 2 potions of attraction {unknown}
 t - a potion of haste {unknown}
 u - a potion of brilliance {unknown}
 v - a potion of might {unknown}
 w - 2 potions of heal wounds {unknown}
 z - a potion of flight {unknown}

Dungeon Overview and Level Annotations

Branches:
Dungeon (6/15)
 Temple: D:4-7

Altars:
Elyvilon
Gozag
Uskayaw
Vehumet

Shops:
D:3 =   D:5 *(*?!

Annotations:
D:5 exclusion: black bear, Pikel

▒▒▒▒▒▒▒▒.........▒
▒▒▒▒................▒
.........▒.........▒
▒....▒▒.▒▒▒▒...▒▒▒▒
▒...▒▒▒.▒ ▒...▒
▒.▒▒▒.......▒ ▒...▒
▒......▒▒▒▒▒▒ ▒▒.▒▒
▒▒▒▒▒▒.▒ ▒...▒ ▒▒d▒▒
▒▒.†▒ ▒▒.>.▒▒ ▒▒<▒
▒.....▒ ▒.▒ ▒...(...▒
▒.▒ ▒.........▒ ..▒
+.........+ ...
▒....(<...▒ ....
▒▒.......▒▒ .▒▒.
▒▒.....▒▒ ▒▒ .▒


There were no monsters in sight!


Message History

The black bear is severely wounded.
The black bear goes berserk!
Unknown command.
You hit the black bear.
Your tail-slap misses the black bear.
The black bear is almost dead.
The black bear bites you but does no damage.
The black bear closely misses you.
The black bear claws you but does no damage.
The black bear bites you. The black bear barely misses you.
The black bear barely misses you.
You punch the black bear!
The black bear is almost dead.
The black bear bites you but does no damage.
The black bear closely misses you. The black bear claws you.
Unknown command.
You punch the black bear!
You kill the black bear!
Your Unarmed Combat skill increases to level 8!
You have reached level 7!
Your scales start taking on a golden yellow colour.
You can spit globs of acid.
You feel resistant to acid.
No target in view!
Unknown command.
You start resting.
HP restored.
Are you sure you want to abandon this character and quit the game? (Confirm with "yes".)

Action                   |  1- 3 |  4- 6 |  7- 9 || total
-------------------------+-------+-------+-------++-------
Melee: Unarmed           |   169 |   226 |       ||   395
       Tailslap          |    18 |    27 |       ||    45
       Punch             |     7 |     9 |       ||    16
Throw: Javelin           |       |    11 |       ||    11
 Stab: Sleeping          |    12 |     4 |       ||    16
Armor: Skin              |    63 |    60 |       ||   123
Dodge: Dodged            |   108 |   124 |       ||   232

Levels and vault maps discovered:
D:1:      lightli_arrival_maybe_door_vault, layout_basic,
          ebering_ecumenical_altar_petrified
D:2:      layout_loops_ring, basic_altar, lemuel_flame_loot_1
D:3:      layout_loops_corners, nicolae_overflow_hidden_temple, serial_shops,
          nicolae_shop_advertising_works [nicolae_subvault_shop_adworks],
          minmay_quadrilaterals
D:4:      layout_loops_ring
D:5:      layout_basic, nicolae_gozag_zags_fifth_avenue,
          mainiacjoe_overflow_catch_the_wave, minmay_overflow_temple_star_hex,
          serial_shops, nicolae_shop_hallway_plus, shop, nicolae_stop_n_shop_2,
          shop, kennysheep_cross_bottleneck, uniq_pikel
D:6:      minmay_evil_eye, layout_loops_corners, minmay_temple_entry_mini_moons,
          uniq_grinder

Notes
Turn   | Place    | Note
-------+----------+-------------------------------------------
     0 | D:1      | sanka the Draconian Monk began the quest for the Orb.
     0 | D:1      | Reached XP level 1. HP: 19/19 MP: 1/1
   106 | D:1      | Reached XP level 2. HP: 26/26 MP: 2/2
   246 | D:1      | Found a faded altar of an unknown god.
   586 | D:1      | Reached skill level 4 in Unarmed Combat
  1044 | D:2      | Reached XP level 3. HP: 31/31 MP: 3/3
  1815 | D:2      | Found a hide-covered altar of Uskayaw.
  1830 | D:2      | Reached XP level 4. HP: 38/38 MP: 4/4
  2075 | D:3      | Reached skill level 5 in Unarmed Combat
  2553 | D:3      | Found Kozaudun's Jewellery Emporium.
  2583 | D:3      | Noticed a scorpion
  2607 | D:3      | Killed a scorpion
  2608 | D:3      | Reached XP level 5. HP: 18/45 MP: 5/5
  2855 | D:3      | Reached skill level 6 in Unarmed Combat
  3922 | D:5      | Entered Level 5 of the Dungeon
  3924 | D:5      | Noticed a black bear
  3984 | D:5      | Noticed an ogre
  3992 | D:5      | Killed an ogre
  3993 | D:5      | Reached XP level 6. HP: 21/51 MP: 6/6
  4180 | D:5      | Reached skill level 7 in Unarmed Combat
  4266 | D:5      | Found Afutulirgh's Magic Scroll Boutique.
  4279 | D:5      | Found an opulent altar of Gozag.
  4446 | D:5      | Noticed Pikel
  4472 | D:5      | Found Eleun's Weapon Shoppe.
  4496 | D:5      | Found Gozag's Platinum Reserve.
  4505 | D:5      | Found Heuralam's General Store.
  4892 | D:5      | Found Ruiv's Distillery.
  4910 | D:5      | Found a white marble altar of Elyvilon.
  5215 | D:5      | Found a radiant altar of Vehumet.
  5471 | D:6      | Reached skill level 8 in Unarmed Combat
  5471 | D:6      | Your scales start taking on a golden yellow colour.
  5471 | D:6      | Reached XP level 7. HP: 51/57 MP: 7/7
  5471 | D:6      | Gained mutation: You are resistant to acid. (rCorr) [Yellow
                  | Draconian growth]
  5501 | D:6      | Quit the game

Vanquished Creatures
  A black bear (D:6)
  An ogre (D:5)
  4 lemures (D:5)
  A necrophage (D:5)
  A scorpion (D:3)
  A jelly (D:5)
  2 hounds (D:5)
  An iguana (D:5)
  6 adders
  A shadow imp (D:5)
  2 worms (D:3)
  4 dart slugs
  2 orcs
  6 ball pythons
  8 endoplasms
  4 giant cockroaches
  8 goblins
  11 hobgoblins
  9 jackals
  7 kobolds
  5 quokkas
  5 bats
  3 frilled lizards (D:1)
  10 rats
103 creatures vanquished.
